Map: Cyber Forest LE

Players

Ivy - Winner!

  • Race: Terran Terran
  • League: Master
  • Spawn Location: 11:00

Methodape

  • Race: Terran Terran
  • League: Master
  • Spawn Location: 5:00

VOD

Have the link to the VOD?

Description

Time

  • Played on: March 7, 2019, 2:45 p.m.
  • Length: 11:02
Show
View Real Time Build Order
Export as new Build Order

Ivy Terran - Winner!

Build Orders:  

Get SALT Encoding   

  12  0:01  SCV  
  13  0:13  SCV  
  14  0:17  Supply Depot  
  14  0:25  SCV  
  15  0:30  Refinery  
  15  0:38  SCV  
  16  0:45  Barracks  
  16  0:50  SCV  
  17  0:57  Refinery  
  17  1:03  SCV  
  18  1:19  SCV  
  19  1:32  Orbital Command  
  19  1:33  Reaper  
  19  1:36  Factory  
  20  1:51  Supply Depot  
  20  1:57  SCV  
  21  2:05  Reaper  
  22  2:09  SCV  
  23  2:21  Hellion  
  25  2:24  SCV  
  26  2:30  Command Center  
  26  2:37  SCV  
  27  2:43  Barracks Reactor  
  27  2:45  Starport  
  27  2:49  SCV  
  27  2:50  Supply Depot  
  28  2:53  Widow Mine  
  30  3:02  SCV  
  31  3:14  SCV  
  31  3:16  Factory Tech Lab  
  32  3:25  Viking  
  32  3:26  Marine x2, SCV  
  37  3:27  Refinery  
  37  3:36  Widow Mine  
  39  3:41  Orbital Command  
  39  3:45  SCV  
  39  3:46  Marine x2  
  42  3:57  SCV, Siege Tank  
  46  4:08  SCV  
  46  4:09  SCV  
  48  4:11  Supply Depot  
  48  4:12  Supply Depot  
  48  4:18  Viking  
  50  4:25  Viking  
  50  4:27  SCV  
  50  4:29  Marine  
  54  4:33  SCV  
  55  4:40  Siege Tank  
  55  4:41  SCV  
  55  4:45  SCV  
  60  4:50  Supply Depot, Viking  
  60  4:52  Marine  
  62  4:54  SCV  
  62  4:59  Viking  
  66  5:01  SCV  
  66  5:03  Liberator  
  67  5:10  SCV  
  67  5:12  Supply Depot, Siege Tank  
  71  5:14  Marine  
  71  5:16  SCV  
  76  5:22  SCV  
  77  5:38  SCV  
  77  5:39  SCV  
  79  5:43  Barracks Tech Lab  
  79  5:44  Siege Tank  
  79  5:45  Supply Depot  
  82  5:52  Viking  
  84  5:57  Command Center  
  82  6:23  Marine  
  82  6:24  Siege Tank  
  84  6:34  Liberator x2  
  84  6:40  Marine  
  81  6:52  Engineering Bay  
  81  6:53  Barracks x2  
  83  6:54  Engineering Bay  
  83  6:56  Siege Tank  
  83  7:01  Marine  
  64  7:33  Marine  
  64  7:34  Siege Tank  
  64  7:35  SCV  
  64  7:36  Terran Infantry Weapons Level 1, Terran Infantry Armor Level 1  
  69  7:38  SCV  
  69  7:39  Refinery  
  69  7:51  Marine  
  69  7:52  SCV  
  69  7:53  SCV  
  69  7:55  Medivac x2  
  69  7:56  Barracks Reactor x2  
  76  7:59  Orbital Command  
  76  8:04  SCV  
  74  8:07  SCV  
  74  8:11  Marine  
  74  8:12  Siege Tank  
  79  8:17  SCV  
  79  8:19  SCV  
  81  8:24  SCV  
  81  8:26  Armory  
  82  8:29  Marine, SCV  
  82  8:30  Barracks  
  82  8:31  SCV, Barracks  
  82  8:33  Refinery  
  82  8:34  Marine x2, Refinery  
  83  8:35  Marine x2  
  83  8:36  Stimpack, SCV  
  83  8:40  Viking  
  83  8:41  SCV  
  91  8:43  SCV  
  91  8:47  Marine  
  93  8:49  SCV  
  93  8:50  Command Center  
  94  8:57  SCV  
  94  9:01  Marine  
  94  9:02  Marine x3  
  99  9:03  SCV, Siege Tank  
  99  9:04  Marine  
  99  9:06  SCV  
  99  9:09  SCV  
  106  9:13  Medivac  
  106  9:15  SCV  
  106  9:16  Medivac  
  108  9:18  SCV  
  108  9:19  Marine x2  
  108  9:20  Marine  
  109  9:26  Supply Depot  
  109  9:27  Marine, Marauder, Supply Depot, SCV  
  109  9:28  Supply Depot  
  109  9:30  Barracks Tech Lab  
  113  9:31  Barracks Reactor  
  113  9:37  Marine  
  113  9:39  Marine x2  
  113  9:44  Marine  
  116  9:48  Siege Tank  
  116  9:49  Marauder  
  121  9:55  Marine  
  121  9:57  Marine  
  120  10:04  Marine  
  120  10:05  Marine x2  
  120  10:06  Viking x2  
  127  10:10  Marauder  
  127  10:11  Supply Depot  
  127  10:13  Marine, Supply Depot  
  128  10:15  Marine  
  128  10:18  Marine x2  
  128  10:20  Planetary Fortress  
  128  10:22  Marine x2  
  128  10:23  Marauder, Supply Depot  
  129  10:30  Marine  
  129  10:31  Marauder  
  129  10:33  Marine  
  134  10:36  Marine x2  
  134  10:40  Marine x2  
Show
View Real Time Build Order
Export as new Build Order

Methodape Terran 

Build Orders: Cyclone Opening, Mech 

Get SALT Encoding   

  12  0:01  SCV  
  13  0:13  SCV  
  14  0:17  Supply Depot  
  14  0:25  SCV  
  15  0:29  Refinery  
  15  0:39  SCV  
  16  0:46  Barracks  
  16  0:51  SCV  
  17  1:03  SCV  
  18  1:07  Refinery  
  18  1:15  SCV  
  19  1:31  SCV  
  20  1:35  Factory  
  20  1:36  Marine  
  21  1:44  Orbital Command  
  21  1:52  Supply Depot  
  21  1:54  Marine  
  22  2:11  SCV  
  22  2:15  Barracks Tech Lab  
  22  2:19  Hellion  
  24  2:35  Command Center  
  24  2:39  SCV  
  25  2:50  Cyclone  
  28  2:54  SCV  
  28  2:57  Starport  
  29  3:06  SCV  
  30  3:18  Barracks Tech Lab  
  30  3:19  SCV  
  31  3:46  Raven, SCV, Siege Tank  
  31  3:47  Orbital Command  
  37  3:58  SCV  
  37  4:02  Barracks Reactor  
  38  4:10  SCV  
  38  4:12  Command Center  
  38  4:13  SCV  
  40  4:17  Refinery  
  40  4:20  Siege Tank  
  43  4:29  SCV  
  44  4:33  SCV  
  44  4:37  Refinery  
  45  4:39  Supply Depot  
  45  4:47  SCV  
  46  5:00  SCV x2, Viking x2  
  46  5:04  Factory  
  52  5:11  Supply Depot  
  52  5:12  SCV  
  54  5:14  SCV  
  54  5:24  SCV  
  54  5:25  Orbital Command  
  54  5:26  SCV  
  56  5:29  Barracks Reactor  
  56  5:30  Factory  
  54  5:37  SCV  
  54  5:38  SCV, Siege Tank  
  59  5:43  Supply Depot  
  58  5:58  SCV  
  59  6:10  Viking x2  
  62  6:28  Siege Tank  
  62  6:29  Widow Mine, Cyclone  
  62  6:30  SCV  
  62  6:31  SCV  
  72  6:34  Supply Depot  
  67  6:47  Viking x2  
  69  7:01  SCV  
  62  7:17  Viking x2  
  62  7:19  Siege Tank  
  62  7:20  SCV  
  63  7:25  Siege Tank  
  62  7:30  Liberator  
  62  7:35  SCV  
  62  7:37  Starport, SCV  
  61  7:38  Engineering Bay  
  61  7:47  Viking  
  64  8:05  Siege Tank  
  64  8:08  SCV x3  
  70  8:14  Infernal Pre-Igniter  
  70  8:17  Armory  
  70  8:20  SCV  
  70  8:23  Barracks Reactor  
  71  8:30  Orbital Command  
  71  8:31  SCV  
  72  8:34  Missile Turret, Refinery  
  72  8:38  Refinery  
  72  8:44  Viking  
  66  9:12  Hellion, Siege Tank  
  67  9:18  SCV  
  68  9:32  Hellion  
  68  9:35  Viking  
  72  10:03  Hellion, Siege Tank  
  77  10:07  Supply Depot  
  77  10:08  Supply Depot  
  77  10:09  Hellion  
  72  10:25  Hellion, Siege Tank  
Tags
 
Composition
Mech
Matchup
TvT
Race
Terran
Spawn Locations
Cross Positions
Add a new tag
Caveats
  • Supply blocks, unpowered buildings, or Contaminate may cause inaccurate times.
  • Supply counts are checked every 10 seconds.